 Dungeon Crawl Stone Soup version 0.29.1-1-gd02db6906a (webtiles) character file.

Game seed: 12029845077378142325

12 Nonny the Magician (level 2, -1/14 HPs)
             Began as a Vine Stalker Hedge Wizard on Sept 18, 2022.
             Slain by an adder (2 damage)
             ... on level 2 of the Dungeon on Sept 19, 2022.
             The game lasted 00:05:58 (881 turns).

Nonny the Magician (Vine Stalker Hedge Wizard)       Turns: 881, Time: 00:05:59

Health: -1/14      AC:  2    Str: 12    XL:     2   Next: 33%
Magic:  0/7        EV: 12    Int: 14    God:
Gold:   90         SH:  0    Dex: 13    Spells: 7/8 levels left

rFire   + . .      SeeInvis .   h - +3 dagger (venom)
rCold   . . .      Faith    .   (no shield)
rNeg    . . .      Spirit   +   b - +0 robe
rPois   .          Reflect  .   c - +0 hat
rElec   .          Harm     .   (no cloak)
rCorr   .          Rampage  .   (no gloves)
Will    .....                   (no boots)
Stlth   ++........              (no amulet)
HPRegen 0.04/turn               f - ring of protection from fire
MPRegen 0.10/turn               (no ring)

@: very slightly contaminated
A: fangs 2, magic shield, antimagic bite, no potion heal 2
a: no special abilities


You were on level 2 of the Dungeon.
You visited 1 branch of the dungeon, and saw 2 of its levels.

You collected 90 gold pieces.

Inventory:

Hand Weapons
 h - a +3 dagger of venom (weapon)
Armour
 b - a +0 robe (worn)
 c - a +0 hat (worn)
Jewellery
 f - a ring of protection from fire (left hand)
Scrolls
 e - a scroll of identify
Potions
 a - a potion of might
 d - 2 potions of magic
 g - a potion of invisibility {unknown}


   Skills:
 + Level 0.3 Fighting
 - Level 1.5 Dodging
 + Level 2.5 Stealth
 + Level 3.8 Spellcasting
 - Level 1.0 Conjurations
 - Level 1.0 Summonings
 - Level 1.0 Translocations


You had 7 spell levels left.
You knew the following spells:

 Your Spells              Type           Power      Damage    Failure   Level
a - Magic Dart            Conj           20%        1d4       13%         1

Your spell library contained the following spells:

 Spells                   Type           Power      Damage    Failure   Level
 Slow                     Hex            8%         N/A       21%         1
 Blink                    Tloc           10%        N/A       21%         2
 Call Imp                 Summ           5%         N/A       21%         2
 Conjure Flame            Conj/Fire      4%         6-21      43%         3
 Mephitic Cloud           Conj/Pois/Air  3%         N/A       45%         3


Dungeon Overview and Level Annotations

Branches:
Dungeon (2/15)

Altars:


Innate Abilities, Weirdness & Mutations

You have extremely sharp teeth.
When hurt, damage is shared between your health and your magic reserves.
Your bite disrupts and absorbs the magic of your enemies.
Potions cannot restore your health.


Message History

The bat hits you but does no damage.
The frilled lizard attacks as you move away!
The frilled lizard bites you.
* * * LOW HITPOINT WARNING * * *
Unknown command.
The adder attacks as you move away! The adder bites you but does no damage.
You hit the adder but do no damage. Your bite misses the adder.
The adder is moderately wounded.
The adder bites you.
* * * LOW HITPOINT WARNING * * *
The adder barely misses you. The bat barely misses you.
You miss the adder. Your bite misses the adder.
The adder is moderately wounded.
The bat completely misses you. The adder completely misses you.
Unknown command.
Sorry, you're not good enough to have a special ability.
Unknown command.
Casting: Magic Dart (safe; 13% risk of failure)
Confirm with . or Enter, or press ? or * to list all spells.
Okay, then.
Casting: Magic Dart (safe; 13% risk of failure)
Confirm with . or Enter, or press ? or * to list all spells.
Aiming: Magic Dart (safe; 13% risk of failure)
Press: ? - help, Shift-Dir - straight line, f - adder
Aim: an adder (moderately wounded, 100% to hit)
You miscast Magic Dart.
You are very lightly contaminated with residual magic.
Nothing appears to happen.
The bat hits you but does no damage. The adder bites you.
* * * LOW HITPOINT WARNING * * *
The bat misses you.
Casting: Magic Dart (safe; 13% risk of failure)
Confirm with . or Enter, or press ? or * to list all spells.
You don't have enough magic to cast this spell.
Unknown command.
Unknown command.
You barely miss the adder.
The adder is moderately wounded.
The bat hits you but does no damage. The adder bites you.
You die...

##.####...##### ######.
#..#..###.....###......
##.##....##.##...#####..
#..#..⌠..#..#..#...###.#
##.##...b##.##.####...###
#...###[l...#..#..###....
#.#...####.##.##....##.##
#.###...#Sl#..#..⌠..#..#
#. ###.@b##.##..†.##.##
.. ###.#...#.#..#..# .#
#####...####.## ..
###...#..# ###...## ###.#
#.# ..# .##


You could see an adder, a bat and a frilled lizard.

Vanquished Creatures
  2 bats (D:2)
  2 goblins (D:1)
  A hobgoblin (D:1)
  A jackal (D:2)
  2 quokkas
  A kobold (D:1)
  A rat (D:2)
10 creatures vanquished.

Notes
Turn   | Place    | Note
-------+----------+-------------------------------------------
     0 | D:1      | Nonny the Vine Stalker Hedge Wizard began the quest for the
                  | Orb.
     0 | D:1      | Reached XP level 1. HP: 9/9 MP: 5/5
    41 | D:1      | Starting vault: zig zag stone wall path
   139 | D:1      | Pass Wall will make this floor so much easier for orb
                  | run...
   241 | D:1      | rF+ ring
   438 | D:1      | Kobold with +3 dagger of venom
   628 | D:2      | orange potion - might
   671 | D:2      | Found a faded altar of an unknown god.
   676 | D:2      | Reached XP level 2. HP: 14/14 MP: 7/7
   881 | D:2      | Slain by an adder

Illustrated notes ##.## ##.## ##.## ##.### ##..♣ ##.### ##.#.## .#######..##.# .......@.....# .############# Turn 41 on D:1: Starting vault: zig zag stone wall path #.# ####.# #....# #.#### ###### #.# #....# #.# #.##.# #.# #.#######.##.# #.# #....@....##.###.# ############.....# ####### Turn 139 on D:1: Pass Wall will make this floor so much easier for orb run...

..# ..## .. # ...# ... ##
...# ..###+########## ###.
...### ..............#
♣..# ##...#
..##............# ###.
##.#.# ...............# ##
...#.# #...........# #
..##.# #..@........#
..##.# #...........#
..##.### #...........#
..##...# #...........# #
..####.# #...........# ##
.....#.# #...).......# ##.
.....#'#######...........#
###.#
...............####'######
♣..## ####...........# ###
#..# ###.#


Turn 241 on D:1: rF+ ring #.##.# #.....#.####. #....# #(>...#...... #...##
#.#'########. #...# #.#.)...#.#.. #...# #.#####.#...# #.>.# #.#####.#.#.. #...#
#.#...#...#.# #...######.#.#.#####.# #....@..##.#...# #.# #.......##.##..# #..
#.......##.#...## #.. #.......##......# #.. #.......####....# #..
############....####.. #.........##...###) #.##########.#.# #. ##...#........#.#
#. Turn 438 on D:1: Kobold with +3 dagger of venom .. . ##. ♣.. ♣♣.# .(####.#
#......# #@# #.# ..# #### Turn 628 on D:2: orange potion - might

Levels and vault maps discovered:
D:1:      nagdon_arrival_zigzag_paths, layout_basic
D:2:      minmay_skewed_foursquare, layout_loops_corners,
          dilly_ecumenical_altar_fadedgnrine

Action                   || total
-------------------------++-------
Melee: Dagger            ||    24
       Bite              ||     7
 Cast: Magic Dart        ||     7
  Use: Scroll            ||     1
 Stab: Sleeping          ||     2
Armor: Robe              ||    11
Dodge: Dodged            ||    28
